 Dungeon Crawl Stone Soup version 0.31.0-2-g5a2aebc5c2 (webtiles) character file.

Game seed: 11483412832386954053

56 Ackro the Ruffian (level 3, 0/35 HPs)
             Began as a Gnoll Chaos Knight on Jan 20, 2024.
             Was a Plaything of Xom.
             Slain by a cerulean imp
             ... wielding a +2 spear
             ... summoned by Natasha
              (2 damage)
             ... on level 2 of the Dungeon.
             The game lasted 00:10:53 (860 turns).

Ackro the Ruffian (Gnoll Chaos Knight)               Turns: 860, Time: 00:10:53

Health: 0/35       AC:  5    Str: 13    XL:     3   Next: 97%
Magic:  4/4        EV: 12    Int: 11    God:    Xom [..*...]
Gold:   62         SH:  0    Dex: 11    Spells: 4/4 levels left

rFire   . . .        d - +0 short sword
rCold   . . .        (no shield)
rNeg    . . .        a - +2 leather armour
rPois   .            (no helmet)
rElec   .            (no cloak)
rCorr   .            (no gloves)
SInv    .            (no boots)
Will    .....        (no amulet)
Stlth   +            (no ring)
HPRegen 0.25/turn    (no ring)
MPRegen 0.09/turn

%: no passive effects
@: brilliant
A: fangs 1, strong nose, distributed training
a: Renounce Religion


You were on level 2 of the Dungeon.
You worshipped Xom.
You were a toy of Xom.
You visited 1 branch of the dungeon, and saw 2 of its levels.

You collected 62 gold pieces.

Inventory:

Hand Weapons
 d - a +0 short sword (weapon)
Armour
 a - a +2 leather armour (worn)
Potions
 c - 2 potions of berserk rage {unknown}


   Skills:
 + Level 6.5 Fighting
 + Level 1.0 Short Blades
 + Level 1.0 Long Blades
 + Level 1.0 Axes
 + Level 1.0 Maces & Flails
 + Level 1.0 Polearms
 + Level 1.0 Staves
 + Level 1.0 Ranged Weapons
 + Level 1.0 Throwing
 + Level 4.6 Armour
 + Level 2.7 Dodging
 + Level 1.0 Stealth
 + Level 1.0 Shields
 + Level 6.5 Unarmed Combat
 + Level 1.0 Spellcasting
 + Level 0.7 Conjurations
 + Level 0.7 Hexes
 + Level 0.7 Summonings
 + Level 0.7 Necromancy
 + Level 0.7 Translocations
 + Level 0.7 Fire Magic
 + Level 0.7 Ice Magic
 + Level 0.7 Air Magic
 + Level 0.7 Earth Magic
 + Level 0.7 Alchemy
 + Level 1.1 Invocations
 + Level 1.0 Evocations
 + Level 0.9 Shapeshifting


You had 4 spell levels left.
You didn't know any spells.
Your spell library contained the following spells:

 Spells                   Type           Power      Damage    Failure   Level
 Call Canine Familiar     Summ           3%         N/A       65%         3
 Sigil of Binding         Hex            3%         N/A       65%         3
 Dimensional Bullseye     Hex/Tloc       1%         N/A       96%         4


Dungeon Overview and Level Annotations

Branches:
Dungeon (2/15)

Altars:

Annotations:
D:2 Natasha


Innate Abilities, Weirdness & Mutations

You have very sharp teeth.
Your uncanny sense of smell can sniff out nearby items.
Your experience applies equally to all skills.


Message History

You feel more clever all of a sudden. The cerulean imp misses your butterfly.
Natasha barely misses your butterfly.
The cerulean imp barely misses your butterfly.
The cerulean imp misses your butterfly. Natasha claws your butterfly.
Your butterfly dies!
Your butterfly disappears in a burst of colours!
The cerulean imp closely misses your butterfly.
The cerulean imp closely misses your butterfly.
The cerulean imp completely misses your butterfly.
You swap places.
Something hits your butterfly.
Your butterfly dies!
Your butterfly disappears in a burst of colours!
Something closely misses your butterfly.
Something hits your butterfly.
Your butterfly dies!
Your butterfly disappears in a burst of colours!
The cerulean imp closely misses your butterfly.
Something hits your butterfly.
Your butterfly dies!
Your butterfly disappears in a burst of colours!
Natasha mumbles some strange words.
You swap places.
Natasha wildly gestures.
Natasha glows brightly for a moment.
Natasha completely misses your butterfly.
You swap places.
The cerulean imp hits you from afar with a +2 spear.
* * * LOW HITPOINT WARNING * * *
Something barely misses your butterfly.
Natasha stares at you and mumbles some strange words.
Your butterfly resists with significant effort.
You swap places.
The cerulean imp hits you from afar with a +2 spear.
* * * LOW HITPOINT WARNING * * *
Something completely misses your butterfly.
The cerulean imp misses your butterfly.
You swap places.
The cerulean imp hits you from afar with a +2 spear.
You die...
Xom is highly amused!

#### .# ..# .# #b##b##
# ##.#b..##..
#.b@b.bb.....
.##.####b#bb..#####.##
...b.5hbbbb5bbb.......#
....#####b#b########..#
......5.5.#b# #..#
....#######.# ####..# .
#.# #.....#
#.#####..#..####
########..............#


You could see 2 cerulean imps.

Vanquished Creatures
  Natasha (D:2)
  2 dart slugs (D:1)
  A ribbon worm (D:2)
  2 ball pythons (D:2)
  A bat (D:1)
  2 endoplasms (D:1)
  4 giant cockroaches
  A hobgoblin (D:2)
  2 jackals (D:1)
  2 kobolds (D:1)
  A quokka (D:1)
  A frilled lizard (D:1)
  3 rats (D:1)
23 creatures vanquished.

Notes
Turn   | Place    | Note
-------+----------+-------------------------------------------
     0 | D:1      | Ackro the Gnoll Chaos Knight began the quest for the Orb.
     0 | D:1      | Reached XP level 1. HP: 23/23 MP: 1/1
   206 | D:1      | XOM: confusion
   222 | D:1      | XOM: 1-stop teleportation journey
   242 | D:1      | Reached XP level 2. HP: 26/29 MP: 2/2
   634 | D:1      | XOM: divination: magic mapping
   736 | D:2      | Reached XP level 3. HP: 33/35 MP: 3/3
   744 | D:2      | Noticed Natasha
   748 | D:2      | XOM: divination: magic mapping
   749 | D:2      | Killed Natasha
   750 | D:2      | Reached skill level 1 in Short Blades
   750 | D:2      | Reached skill level 1 in Long Blades
   750 | D:2      | Reached skill level 1 in Axes
   750 | D:2      | Reached skill level 1 in Maces & Flails
   750 | D:2      | Reached skill level 1 in Polearms
   750 | D:2      | Reached skill level 1 in Staves
   750 | D:2      | Reached skill level 1 in Ranged Weapons
   750 | D:2      | Reached skill level 1 in Throwing
   750 | D:2      | Reached skill level 1 in Stealth
   750 | D:2      | Reached skill level 1 in Shields
   750 | D:2      | Reached skill level 1 in Spellcasting
   750 | D:2      | Reached skill level 1 in Invocations
   750 | D:2      | Reached skill level 1 in Evocations
   831 | D:2      | Noticed Natasha
   834 | D:2      | XOM: potion effect (brilliance)
   849 | D:2      | XOM: potion effect (brilliance)
   859 | D:2      | HP: 1/35 [cerulean imp/+2 spear[Natasha] (3)]
   860 | D:2      | Slain by a cerulean imp

Illustrated notes

Levels and vault maps discovered:
D:1:      ncdulo_halloftheorcs, layout_basic
D:2:      cheibrodos_helix_gallery, layout_loops_ring, uniq_sigmund,
          uniq_natasha

Skill      XL: |  1  2  3 |
---------------+----------+-----
Short Blades   | 1 |  1.0
Long Blades    | 1 |  1.0
Axes           | 1 |  1.0
Maces & Flails | 1 |  1.0
Polearms       | 1 |  1.0
Staves         | 1 |  1.0
Ranged Weapons | 1 |  1.0
Throwing       | 1 |  1.0
Stealth        | 1 |  1.0
Shields        | 1 |  1.0
Spellcasting   | 1 |  1.0
Invocations    | 1 |  1.1
Evocations     | 1 |  1.0
Fighting       | |  6.5
Armour         | |  4.6
Dodging        | |  2.7
Unarmed Combat | |  6.5
Conjurations   | |  0.7
Hexes          | |  0.7
Summonings     | |  0.7
Necromancy     | |  0.7
Translocations | |  0.7
Fire Magic     | |  0.7
Ice Magic      | |  0.7
Air Magic      | |  0.7
Earth Magic    | |  0.7
Alchemy        | |  0.7
Shapeshifting  | |  0.9

Action                     || total
---------------------------++-------
  Melee: Unarmed           ||    56
         Punch             ||     3
         Bite              ||     7
         Short sword       ||    17
    Use: Scroll            ||     1
   Stab: Sleeping          ||     1
 Armour: Leather armour    ||    34
  Dodge: Dodged            ||    45
